 Dungeon Crawl Stone Soup version 0.25.1-2-g60ff931df9 (webtiles) character file.

Game seed: 14973040428944931040

2382 DearestLeader the Destroyer (level 9, -11/62 HPs)
             Began as a Grey Draconian Conjurer on Oct 28, 2020.
             Was a Follower of Vehumet.
             Mangled by a two-headed ogre
             ... wielding a +0 giant spiked club
              (16 damage)
             ... on level 8 of the Dungeon.
             The game lasted 00:15:36 (6587 turns).

DearestLeader the Destroyer (DrCj)                  Turns: 6587, Time: 00:15:37

Health: -11/62     AC: 15    Str: 11    XL:     9   Next: 22%
Magic:  7/16       EV: 12    Int: 25    God:    Vehumet [*.....]
Gold:   309        SH:  0    Dex: 11    Spells: 7/17 levels left

rFire    . . .     SeeInvis .   n - +2 dagger (speed)
rCold    . . .     Gourm    .   (no shield)
rNeg     . . .     Faith    .   (armour unavailable)
rPois    .         Spirit   .   (helmet restricted)
rElec    .         Reflect  .   (no cloak)
rCorr    .         Harm     .   y - +2 pair of gloves
MR       .....                  (no boots)
Stlth    +++.......             h - amulet of regeneration
HPRegen  0.60/turn              i - +6 ring of intelligence
MPRegen  0.15/turn              D - ring of stealth

@: about to teleport
A: walk through water, unfitting armour, unbreathing, cold-blooded, AC +12
a: Renounce Religion


You were on level 8 of the Dungeon.
You worshipped Vehumet.
Vehumet was aware of your devotion.
You were hungry.

You visited 2 branches of the dungeon, and saw 9 of its levels.

You collected 309 gold pieces.

Inventory:

Hand Weapons
 n - a +2 dagger of speed (weapon)
Missiles
 j - 16 poisoned darts (quivered)
 o - a throwing net
Armour
 s - a +0 buckler
 y - a +2 pair of gloves (worn)
Jewellery
 h - an amulet of regeneration (around neck)
 i - a +6 ring of intelligence (left hand)
 k - a cursed ring of attention {unknown}
 p - an uncursed ring of fire
 u - an uncursed amulet of the acrobat
 D - a ring of stealth (right hand)
 G - an uncursed amulet of reflection
Wands
 v - a wand of polymorph (6)
Scrolls
 d - 3 scrolls of remove curse
 e - 3 scrolls of teleportation
 f - a scroll of blinking
 g - 2 scrolls of enchant armour
 l - a scroll of noise {unknown}
 r - a scroll of fear {unknown}
 w - a scroll of magic mapping {unknown}
 x - 3 scrolls of identify
 A - a scroll of amnesia {unknown}
 B - a scroll of immolation {unknown}
 F - a scroll of enchant weapon {unknown}
Potions
 a - 2 potions of flight
 c - a potion of ambrosia {unknown}
 m - a potion of stabbing
 q - a potion of haste {unknown}
 t - 2 potions of might {unknown}
 z - a potion of lignification {unknown}
 C - a potion of curing {unknown}
Comestibles
 b - 11 rations
 E - a chunk of flesh


   Skills:
 - Level 2.3 Dodging
 - Level 1.7 Stealth
 + Level 4.9 Spellcasting
 * Level 10.9 Conjurations
 - Level 4.0 Hexes


You had 7 spell levels left.
You knew the following spells:

 Your Spells              Type           Power        Failure   Level  Hunger
a - Magic Dart            Conj           ####         1%          1    None
b - Searing Ray           Conj           ######       1%          2    None
c - Fulminant Prism       Conj/Hex       #####.....   3%          4    ####...
d - Dazzling Flash        Conj/Hex       #####.       1%          3    ##.....

Your spell library contained the following spells:

 Spells                   Type           Power        Failure   Level  Hunger
 Shock                    Conj/Air       ####         1%          1    None
 Corona                   Hex            ####...      1%          1    None
 Confusing Touch          Hex            ####....     4%          3    ##.....
 Tukima's Dance           Hex            ####....     4%          3    ##.....
 Ensorcelled Hibernation  Hex/Ice        ###...       5%          2    None
 Iskenderun's Mystic Bla  Conj/Tloc      ####....     9%          4    ####...


Dungeon Overview and Level Annotations

Branches:
Dungeon (8/15)             Temple (1/1) D:4
   Lair: D:8-11

Altars:
Ashenzari
Cheibriados
Dithmenos
Elyvilon
Gozag
Hepliaklqana
Makhleb
Nemelex Xobeh
Okawaru
Ru
Sif Muna
Uskayaw
Vehumet
Wu Jian
Xom
Yredelemnul
Zin
The Shining One

Shops:
D:4 =   D:5 [


Innate Abilities, Weirdness & Mutations

You can walk through water.
Your dull iron-grey scales are very hard. (AC +12)
You cannot fit into any form of body armour.
You can survive without breathing.
You are cold-blooded and may be slowed by cold attacks.


Message History

The two-headed ogre is dazzled.
Casting: Dazzling Flash (safe; 1% risk of failure)
Confirm with . or Enter, or press ? or * to list all spells.
The two-headed ogre is dazzled.
The two-headed ogre closely misses you.
The two-headed ogre hits you with a +0 dire flail.
The two-headed ogre misses you. The two-headed ogre barely misses you.
Casting: Dazzling Flash (safe; 1% risk of failure)
Confirm with . or Enter, or press ? or * to list all spells.
The two-headed ogre is dazzled.
The two-headed ogre hits you but does no damage.
The two-headed ogre hits you with a +0 giant club.
The two-headed ogre hits you with a +0 giant spiked club!
The two-headed ogre hits you with a +0 dire flail!
As you read the scroll of teleportation, it crumbles to dust.
You feel strangely unstable.
You are feeling hungry.
The two-headed ogre hits you with a +0 giant spiked club!!
* * * LOW HITPOINT WARNING * * *
The two-headed ogre hits you with a +0 giant club!
You die...

##..##### #.# ..
##.......# #.# ..
##....)...###.#...
#..........##.#...
#..........##.#...
##..........##.....
#<..........##.....
#OO..(..[..(.......
#.@..........###.##
#...........## #.#
#...........# #.
##..........# ..
##.........# #...
###.......# [....
####...##......
####(.......
#.........


You could see 2 two-headed ogres.

Vanquished Creatures
  Joseph (D:8)
  Maggie (D:7)
  Prince Ribbit (D:7)
  Menkaure (D:7)
  A soldier ant (D:6)
  An ice beast (D:5)
  A black bear (D:7)
  3 ogres
  A centaur (D:6)
  A bullfrog (D:7)
  A scorpion (D:4)
  A howler monkey (D:4)
  A crimson imp (D:7)
  A bullfrog zombie (D:7)
  A bullfrog skeleton (D:4)
  6 hounds
  An orc wizard (D:5)
  Natasha (thrice) (D:3)
  An iguana (D:4)
  3 worker ants
  A hound zombie (D:5)
  A hound skeleton (D:4)
  5 adders
  2 shadow imps
  3 worms
  2 dart slugs
  7 leopard geckos
  14 orcs
  3 ball pythons
  3 giant cockroaches
  13 goblins
  7 hobgoblins
  2 jackals (D:7)
  8 kobolds
  5 quokkas
  5 bats
  5 frilled lizards
  A leopard gecko zombie (D:6)
  A quokka skeleton (D:5)
  10 rats
129 creatures vanquished.

Vanquished Creatures (others)
  3 fulminant prisms (D:8)
3 creatures vanquished.

Grand Total: 132 creatures vanquished

Notes
Turn   | Place    | Note
-------+----------+-------------------------------------------
     0 | D:1      | DearestLeader the Draconian Conjurer began the quest for
                  | the Orb.
     0 | D:1      | Reached XP level 1. HP: 14/14 MP: 3/3
   288 | D:1      | Reached XP level 2. HP: 17/20 MP: 0/5
   948 | D:1      | Reached skill level 5 in Conjurations
   954 | D:1      | Reached XP level 3. HP: 24/26 MP: 1/6
  1550 | D:2      | Learned a level 2 spell: Searing Ray
  1765 | D:2      | Reached XP level 4. HP: 29/33 MP: 7/7
  1864 | D:2      | Found a burning altar of Makhleb.
  2335 | D:3      | Found an opulent altar of Gozag.
  2543 | D:3      | Found a white marble altar of Elyvilon.
  2611 | D:3      | Reached skill level 6 in Conjurations
  2760 | D:3      | Noticed Natasha
  2767 | D:3      | Killed Natasha
  2776 | D:3      | Noticed Natasha
  2800 | D:3      | Killed Natasha
  2800 | D:3      | Reached XP level 5. HP: 14/38 MP: 3/8
  2953 | D:3      | Noticed Natasha
  2957 | D:3      | Killed Natasha
  3175 | D:3      | Found a snail-covered altar of Cheibriados.
  3175 | D:3      | Found a glowing silver altar of Zin.
  3303 | D:4      | Reached skill level 7 in Conjurations
  3330 | D:4      | Learned a level 4 spell: Fulminant Prism
  3385 | D:4      | Reached XP level 6. HP: 43/45 MP: 9/9
  3401 | D:4      | Found a white marble altar of Elyvilon.
  3555 | D:4      | Reached skill level 1 in Hexes
  3653 | D:4      | Found a staircase to the Ecumenical Temple.
  3661 | Temple   | Entered the Ecumenical Temple
  3697 | Temple   | Became a worshipper of Vehumet
  3794 | D:4      | Found Yntum's Jewellery Shoppe.
  4036 | D:4      | Found a hazy altar of Hepliaklqana.
  4037 | D:4      | Found a shimmering altar of Xom.
  4038 | D:4      | Noticed a spectral ugly thing
  4038 | D:4      | Noticed a wyvern
  4331 | D:5      | Entered Level 5 of the Dungeon
  4342 | D:5      | Reached skill level 8 in Conjurations
  4342 | D:5      | Your scales start taking on a dull iron-grey colour.
  4342 | D:5      | Reached XP level 7. HP: 50/50 MP: 5/10
  4342 | D:5      | Gained mutation: You can survive without breathing. [Grey
                  | Draconian growth]
  4589 | D:5      | Learned a level 3 spell: Dazzling Flash
  4828 | D:5      | Found Tuehegg's Antique Armour Shoppe.
  5178 | D:6      | Reached * piety under Vehumet
  5178 | D:6      | Offered knowledge of Shock by Vehumet.
  5192 | D:6      | Reached skill level 9 in Conjurations
  5348 | D:6      | Reached XP level 8. HP: 55/57 MP: 8/12
  5752 | D:7      | Noticed Maggie
  5758 | D:7      | Killed Maggie
  5832 | D:7      | Noticed Prince Ribbit
  5839 | D:7      | Killed Prince Ribbit
  5839 | D:7      | Reached skill level 10 in Conjurations
  5910 | D:7      | Found a hide-covered altar of Uskayaw.
  5912 | D:7      | Noticed Menkaure
  5918 | D:7      | Killed Menkaure
  6054 | D:7      | Reached XP level 9. HP: 62/62 MP: 9/15
  6104 | D:7      | Found a glowing golden altar of the Shining One.
  6470 | D:8      | Noticed Joseph
  6470 | D:8      | Noticed a two-headed ogre
  6487 | D:8      | Killed Joseph
  6565 | D:8      | Noticed a two-headed ogre
  6587 | D:8      | Mangled by a two-headed ogre

Illustrated notes

Levels and vault maps discovered:
D:1:      lightli_arrival_maybe_door_vault, layout_loops_corners,
          minmay_misc_feat_nine_boxes
D:2:      layout_loops_ring, makhleb_heckhound_becter
D:3:      layout_loops_ring, nicolae_gozag_seed_capital,
          gammafunk_temple_overflow_elements, kennysheep_small_spiral,
          lemuel_tele_altar, uniq_natasha
D:4:      layout_rooms, regret_index_temple_of_mockery, elyvilon_altar_1,
          minmay_temple_entry_grid, serial_shops, shop
D:5:      minmay_recursive_quarters, layout_rooms, first_ration, serial_shops,
          nicolae_shop_crystal
D:6:      layout_cave_pools, serial_park_tiny_pond
D:7:      layout_loops_ring, eat_drink_and_be_merry_uskayaw, marbit_many_paths,
          uniq_prince_ribbit1, uniq_maggie, uniq_menkaure
D:8:      layout_cave_pods, grunt_temple_overflow_growth_and_decay,
          corexii_hall_statues_i, uniq_joseph
Temple:   jpeg_temple_island

Skill      XL: |  1  2  3  4  5  6  7  8 |
---------------+-------------------------+-----
Conjurations   | 5 6 7 8 9 10 | 10.9
Hexes          | 2 4 |  4.0
Dodging        | 2 |  2.3
Spellcasting   | 3 4 |  4.9
Stealth        | |  1.7

Action                   |  1- 3 |  4- 6 |  7- 9 || total
-------------------------+-------+-------+-------++-------
Melee: Unarmed           |     8 |       |       ||     8
       Dagger            |    13 |   123 |   168 ||   304
       Tailslap          |     1 |     6 |    19 ||    26
Throw: Dart              |     1 |       |     6 ||     7
 Cast: Magic Dart        |    65 |    33 |     8 ||   106
       Searing Ray       |     1 |    12 |    15 ||    28
       Dazzling Flash    |       |       |     4 ||     4
       Fulminant Prism   |       |       |     3 ||     3
  Use: Scroll            |     4 |     2 |     3 ||     9
 Stab: Sleeping          |       |     1 |     5 ||     6
  Eat: Chunk             |     4 |     8 |     8 ||    20
Armor: Skin              |     7 |    17 |    60 ||    84
Dodge: Dodged            |    11 |    62 |    85 ||   158
